 Dungeon Crawl Stone Soup version 0.23-a0-180-ga5275e7 (webtiles) character file.

22 mopl the Insei (level 2, 0/21 HPs)
             Began as a Barachi Transmuter on Sept 18, 2018.
             Slain by an adder (3 damage)
             ... on level 3 of the Dungeon.
             The game lasted 00:01:39 (862 turns).

mopl the Insei (Barachi Transmuter)                  Turns: 862, Time: 00:01:39

Health: 0/21       AC:  2    Str: 11    XL:     2   Next: 91%
Magic:  5/5        EV: 12    Int: 13    God:
Gold:   53         SH:  0    Dex: 12    Spells: 3/6 levels left

rFire    . . .     SeeInvis .   i - -2 hunting sling (curse)
rCold    . . .     Gourm    .   (no shield)
rNeg     . . .     Faith    .   b - +0 robe
rPois    .         Spirit   .   (no helmet)
rElec    .         Reflect  .   (no cloak)
rCorr    .         Harm     .   (no gloves)
MR       .....                  (no boots)
Stlth    +.........             (no amulet)
HPRegen  0.07/turn              (no ring)
MPRegen  0.09/turn              (no ring)

@: lethally poisoned (0 -> -17), slow
A: +LOS, swims, slowness 1, strong legs 1
a: Hop


You were on level 3 of the Dungeon.
You were not hungry.

You visited 1 branch of the dungeon, and saw 3 of its levels.

You collected 53 gold pieces.

Inventory:

Hand Weapons
 i - a cursed -2 hunting sling (weapon)
Missiles
 a - 12 arrows
 j - 23 stones (quivered)
Armour
 b - a +0 robe (worn)
Scrolls
 c - a scroll of enchant weapon {unknown}
 e - 2 scrolls of identify {unknown}
 f - a scroll of enchant armour {unknown}
 g - a scroll of teleportation {unknown}
 h - a scroll of magic mapping {unknown}
Comestibles
 d - a ration


   Skills:
 - Level 1.2 Fighting
 - Level 2.1 Dodging
 * Level 3.9 Unarmed Combat
 + Level 2.5 Spellcasting
 + Level 2.5 Transmutations


You had 3 spell levels left.
You knew the following spells:

 Your Spells              Type           Power        Failure   Level  Hunger
a - Beastly Appendage     Tmut           #.....       9%          1    #......
w - Sticks to Snakes      Tmut           #.......     13%         2    ###....

Your spell library contained the following spells:

 Spells                   Type           Power        Failure   Level  Hunger
 Spider Form              Tmut/Pois      #.........   38%         3    ###....
 Ice Form                 Ice/Tmut       #.......     80%         4    #####..
 Blade Hands              Tmut           #.........   93%         5    ######.


Dungeon Overview and Level Annotations

Branches:
Dungeon (3/15)

Altars:


Innate Abilities, Weirdness & Mutations

Shadows flee at your approach. (+LOS)
You can swim through water.
You cover ground slowly.
You can hop short distances.


Message History

You are too injured to fight recklessly!
You are too injured to fight recklessly!
Firing (i - inventory)
j - 25 stones (quivered)
Press: ? - help, Shift-Dir - straight line, f/p - adder
Aim: an adder (severely wounded)
You shoot a stone. The stone closely misses the adder.
The stone hits the crimson imp but does no damage.
The crimson imp is lightly wounded.
You feel sick. The adder bites you.
* * * LOW HITPOINT WARNING * * *
You are more poisoned.
The adder poisons you!
Firing (i - inventory)
j - 24 stones (quivered)
Press: ? - help, Shift-Dir - straight line, f/p - adder
Aim: an adder (severely wounded)
You shoot a stone. The stone closely misses the adder.
The stone barely misses the crimson imp.
* * * LOW HITPOINT WARNING * * *
You feel sick. The adder closely misses you. The adder bites you.
You die...

#.# #.# #.# #.#
#.###.##
#.###.##...#
#.##.......#
#.##...#...#
#.##...#####
#.##..##
#.##..# #@##..#
#S##..# #5##..#
#<....# #..##.#
#.#######..##.#
#........(.##.#
##########.# .#
#.# .#


You could see a crimson imp and an adder.

Vanquished Creatures
  A ball python (D:3)
  A giant cockroach (D:1)
  3 goblins
  5 hobgoblins
  2 kobolds (D:1)
  3 bats
  A frilled lizard (D:1)
  2 rats (D:1)
18 creatures vanquished.

Notes
Turn   | Place    | Note
-------+----------+-------------------------------------------
     0 | D:1      | mopl the Barachi Transmuter began the quest for the Orb.
     0 | D:1      | Reached XP level 1. HP: 15/15 MP: 3/3
   122 | D:1      | Reached XP level 2. HP: 15/21 MP: 3/5
   129 | D:1      | Learned a level 2 spell: Sticks to Snakes
   848 | D:2      | Noticed a crimson imp
   862 | D:3      | Slain by an adder

Vault maps used:
D:1:      matt_arrival_diagonals, nrook_mini_vaults
D:3:      first_ration

Action                   || total
-------------------------++-------
Melee: Unarmed           ||    40
       Kick              ||     2
       Headbutt          ||     1
       Punch             ||     1
 Fire: Hunting sling     ||    44
 Cast: Beastly Appendage ||     6
 Abil: Hop               ||     1
Armor: Robe              ||    17
Dodge: Dodged            ||    65

Table legend:
 A = Non-vault XP
 B = Vault XP
 C = Vault XP percentage of total XP
 D = Non-vault monster count
 E = Vault monster count
 F = Vault count percentage of total count
                 A         B        C        D         E       F
            +---------+---------+-------+---------+---------+-------
      Total |      32 |       0 |   0.0 |      18 |       0 |   0.0
            +---------+---------+-------+---------+---------+-------
        D:1 |      20 |       0 |   0.0 |      12 |       0 |   0.0
        D:2 |       4 |       0 |   0.0 |       2 |       0 |   0.0
        D:3 |       8 |       0 |   0.0 |       4 |       0 |   0.0
            +---------+---------+-------+---------+---------+-------
